General information
- name: BNet
- type: Ladder team game (AT/RT)
- host: Battle.net
- saver: T0WERSareMyUNIT
map: DragonFalls
- players: 8
- length: 43:19
- speed: Fast
- version: 1.26 W3XP
- replay type: Public
» download(246 KB)
Players
team 1 (winner)
Honorz_Wolf (
teal | 51 APM | 871 actions | 16:56)
3 Blademaster
1 Wind Walk
2 Critical Strike
» actions
| Assign group hotkey | 3 | |
| Basic commands | 5 | |
| Build / train | 48 | |
| Enter build submenu | 21 | |
| Enter hero's abilities submenu | 3 | |
| Give item / drop item | 1 | |
| Right click | 465 | |
| Select / deselect | 180 | |
| Select group hotkey | 82 | |
| Use ability | 63 | |
871 total
» units
| Peon | 17 | |
| Grunt | 9 | |
| Raider | 2 | |
| Troll Batrider | 5 | |
33 total
» upgrades
» buildings
| Altar of Storms | 1 | |
| Orc Burrow | 5 | |
| Barracks | 1 | |
| Voodoo Lounge | 1 | |
| War Mill | 1 | |
| Stronghold | 1 | |
| Great Hall | 1 | |
| Watch Tower | 8 | |
| Beastiary | 3 | |
| Fortress | 1 | |
23 total
» build order
00:31 Altar of Storms
00:35 Orc Burrow
01:05 Barracks
01:37 Orc Burrow
02:55 Voodoo Lounge
04:19 Orc Burrow
05:19 Orc Burrow
05:24 War Mill
06:05 Stronghold
06:39 Orc Burrow
06:54 Great Hall
07:47 Watch Tower
08:53 Beastiary
08:55 Beastiary
09:00 Beastiary
09:25 Watch Tower
10:20 Watch Tower
10:23 Watch Tower
11:38 Fortress
11:42 Watch Tower
11:46 Watch Tower
13:13 Watch Tower
13:17 Watch Tower
» items
| Boots of Speed | 1 | |
| Scroll of Healing | 1 | |
| Potion of Lesser Invulnerability | 1 | |
| Scroll of Regeneration | 1 | |
| Healing Salve | 1 | |
| Potion of Healing | 1 | |
6 total
BladeMaster_1 (
pink | 55 APM | 853 actions | 15:31)
2 Blademaster
1 Wind Walk
1 Critical Strike
» actions
| Basic commands | 6 | |
| Build / train | 49 | |
| Enter build submenu | 20 | |
| Enter hero's abilities submenu | 2 | |
| Right click | 602 | |
| Select / deselect | 136 | |
| Use ability | 38 | |
853 total
» units
» upgrades
| Melee Weapons | 2 | |
| Armor | 2 | |
| Shaman Training | 2 | |
| Reinforced Defenses | 1 | |
| Pulverize | 1 | |
8 total
» buildings
| Altar of Storms | 1 | |
| Orc Burrow | 8 | |
| War Mill | 1 | |
| Voodoo Lounge | 1 | |
| Stronghold | 1 | |
| Watch Tower | 3 | |
| Fortress | 1 | |
| Spirit Lodge | 1 | |
| Tauren Totem | 2 | |
19 total
» build order
00:08 Altar of Storms
00:10 Orc Burrow
01:07 Orc Burrow
01:14 Orc Burrow
01:28 War Mill
02:12 Voodoo Lounge
03:49 Stronghold
03:53 Watch Tower
04:03 Orc Burrow
05:19 Watch Tower
05:25 Orc Burrow
06:12 Fortress
06:54 Spirit Lodge
07:03 Watch Tower
08:35 Tauren Totem
08:40 Tauren Totem
08:50 Orc Burrow
11:16 Orc Burrow
13:33 Orc Burrow
» items
| Healing Salve | 1 | |
| Lesser Clarity Potion | 1 | |
| Periapt of Vitality | 1 | |
| Potion of Healing | 1 | |
| Potion of Mana | 1 | |
| Boots of Speed | 1 | |
6 total
T0WERSareMyUNIT (
yellow | 84 APM | 3639 actions | 43:19)
8 Archmage
3 Summon Water Elemental
3 Brilliance Aura
1 Mass Teleport
1 Blizzard
» actions
| Assign group hotkey | 68 | |
| Basic commands | 120 | |
| Build / train | 255 | |
| ESC pressed | 13 | |
| Enter build submenu | 89 | |
| Enter hero's abilities submenu | 8 | |
| Give item / drop item | 16 | |
| Right click | 1479 | |
| Select / deselect | 515 | |
| Select group hotkey | 760 | |
| Use ability | 316 | |
3639 total
» units
| Peasant | 23 | |
| Footman | 4 | |
| Goblin Shredder | 2 | |
| Goblin Zeppelin | 8 | |
| Dragonhawk Rider | 4 | |
| Gryphon Rider | 7 | |
| Green Drake | 1 | |
49 total
» upgrades
| Masonry | 3 | |
| Swords | 3 | |
| Armor | 3 | |
| Animal War Training | 1 | |
| Lumber Harvesting | 2 | |
| Storm Hammers | 1 | |
| Cloud | 1 | |
14 total
» buildings
| Altar of Kings | 2 | |
| Barracks | 1 | |
| Farm | 14 | |
| Arcane Vault | 2 | |
| Town Hall | 6 | |
| Keep | 11 | |
| Lumber Mill | 2 | |
| Scout Tower | 60 | |
| Guard Tower | 124 | |
| Castle | 8 | |
| Gryphon Aviary | 5 | |
| Blacksmith | 3 | |
238 total
» build order
00:43 Altar of Kings
00:44 Barracks
00:53 Farm
01:09 Farm
01:55 Farm
02:10 Farm
02:18 Arcane Vault
03:49 Town Hall
05:18 Keep
05:18 Keep
05:18 Keep
05:22 Lumber Mill
05:27 Lumber Mill
06:43 Scout Tower
07:55 Town Hall
07:57 Scout Tower
07:58 Scout Tower
07:59 Scout Tower
08:00 Scout Tower
08:13 Scout Tower
08:14 Scout Tower
08:15 Scout Tower
08:16 Scout Tower
08:21 Scout Tower
08:22 Scout Tower
08:25 Guard Tower
08:25 Guard Tower
08:25 Guard Tower
08:26 Guard Tower
08:26 Guard Tower
08:27 Guard Tower
08:27 Guard Tower
08:27 Guard Tower
08:27 Guard Tower
08:28 Guard Tower
09:01 Guard Tower
09:01 Guard Tower
09:44 Guard Tower
09:45 Guard Tower
10:48 Castle
10:49 Castle
10:49 Castle
10:52 Gryphon Aviary
10:55 Gryphon Aviary
11:17 Guard Tower
11:17 Guard Tower
11:18 Guard Tower
11:19 Guard Tower
11:28 Blacksmith
11:45 Gryphon Aviary
11:53 Blacksmith
11:58 Farm
12:05 Farm
12:27 Scout Tower
12:28 Scout Tower
12:29 Scout Tower
12:30 Scout Tower
12:31 Scout Tower
12:33 Scout Tower
12:34 Scout Tower
13:19 Guard Tower
13:19 Guard Tower
13:20 Guard Tower
14:58 Guard Tower
14:58 Guard Tower
15:07 Scout Tower
15:08 Scout Tower
15:11 Scout Tower
15:13 Scout Tower
15:14 Scout Tower
15:35 Scout Tower
15:36 Scout Tower
15:37 Scout Tower
15:38 Scout Tower
15:39 Scout Tower
15:40 Scout Tower
15:40 Scout Tower
15:43 Scout Tower
15:48 Guard Tower
15:49 Guard Tower
15:49 Guard Tower
16:02 Scout Tower
16:06 Guard Tower
16:07 Guard Tower
16:07 Guard Tower
16:14 Guard Tower
16:26 Guard Tower
16:26 Guard Tower
16:26 Guard Tower
16:30 Guard Tower
16:30 Guard Tower
16:30 Guard Tower
16:32 Guard Tower
16:33 Guard Tower
16:33 Guard Tower
16:36 Guard Tower
16:36 Guard Tower
16:36 Guard Tower
16:41 Scout Tower
16:42 Scout Tower
17:06 Guard Tower
17:06 Guard Tower
17:19 Scout Tower
17:19 Scout Tower
17:25 Scout Tower
17:27 Scout Tower
17:31 Guard Tower
17:31 Guard Tower
17:49 Guard Tower
17:49 Guard Tower
17:49 Guard Tower
17:53 Guard Tower
17:53 Guard Tower
17:57 Scout Tower
17:59 Scout Tower
18:00 Guard Tower
18:00 Guard Tower
18:02 Scout Tower
18:09 Scout Tower
18:11 Scout Tower
18:12 Scout Tower
18:13 Scout Tower
18:30 Guard Tower
18:30 Guard Tower
18:30 Guard Tower
18:33 Guard Tower
18:42 Guard Tower
18:42 Guard Tower
18:43 Guard Tower
18:50 Guard Tower
18:50 Guard Tower
18:50 Guard Tower
19:11 Guard Tower
19:11 Guard Tower
19:18 Guard Tower
19:18 Guard Tower
19:19 Guard Tower
19:20 Guard Tower
19:20 Guard Tower
19:20 Guard Tower
19:22 Guard Tower
19:22 Guard Tower
19:22 Guard Tower
19:27 Scout Tower
19:32 Scout Tower
19:36 Scout Tower
19:43 Scout Tower
19:46 Scout Tower
20:06 Guard Tower
20:07 Guard Tower
20:16 Guard Tower
20:16 Guard Tower
21:26 Scout Tower
21:27 Scout Tower
21:28 Scout Tower
21:29 Scout Tower
21:32 Scout Tower
21:35 Keep
21:35 Keep
21:35 Keep
21:43 Scout Tower
21:43 Scout Tower
21:52 Keep
21:52 Keep
21:53 Scout Tower
21:56 Scout Tower
21:59 Scout Tower
22:04 Guard Tower
22:04 Guard Tower
22:04 Guard Tower
22:36 Guard Tower
22:36 Guard Tower
22:37 Guard Tower
23:43 Altar of Kings
24:27 Arcane Vault
24:39 Gryphon Aviary
24:44 Gryphon Aviary
24:46 Castle
24:46 Castle
24:46 Castle
26:00 Farm
26:01 Farm
26:02 Farm
26:05 Farm
26:37 Farm
26:38 Farm
26:53 Town Hall
28:00 Guard Tower
28:00 Guard Tower
28:09 Blacksmith
31:47 Farm
31:49 Farm
35:52 Town Hall
36:57 Town Hall
38:39 Town Hall
39:31 Guard Tower
39:31 Guard Tower
» items
| Mechanical Critter | 5 | |
| Scroll of Regeneration | 4 | |
| Staff of Teleportation | 1 | |
| Periapt of Vitality | 1 | |
| Potion of Lesser Invulnerability | 1 | |
| Ivory Tower | 1 | |
| Lesser Clarity Potion | 1 | |
| Potion of Healing | 1 | |
15 total

»
agentknox666 (
purple | 65 APM | 2824 actions | 43:19)
3 Paladin
2 Holy Light
1 Devotion Aura
5 Blademaster
2 Wind Walk
2 Critical Strike
1 Bladestorm
» actions
| Build / train | 218 | |
| Enter build submenu | 36 | |
| Enter hero's abilities submenu | 8 | |
| Give item / drop item | 2 | |
| Remove unit from queue | 16 | |
| Right click | 1743 | |
| Select / deselect | 608 | |
| Use ability | 193 | |
2824 total
» units
| Peasant | 28 | |
| Footman | 26 | |
| Rifleman | 17 | |
| Knight | 5 | |
| Siege Engine | 10 | |
| Gryphon Rider | 10 | |
| Tauren | 12 | |
| Shaman | 12 | |
| Peon | 2 | |
122 total
» upgrades
| Swords | 1 | |
| Plating | 1 | |
| Armor | 1 | |
| Gunpowder | 1 | |
| Animal War Training | 1 | |
| Lumber Harvesting | 1 | |
| Barrage | 1 | |
| Masonry | 1 | |
| Storm Hammers | 1 | |
| Pillage | 1 | |
10 total
» buildings
| Altar of Kings | 1 | |
| Barracks | 2 | |
| Farm | 7 | |
| Lumber Mill | 1 | |
| Arcane Vault | 1 | |
| Blacksmith | 1 | |
| Keep | 4 | |
| Town Hall | 2 | |
| Castle | 4 | |
| Workshop | 1 | |
| Gryphon Aviary | 1 | |
| Scout Tower | 1 | |
| Great Hall | 3 | |
| Watch Tower | 1 | |
| War Mill | 1 | |
31 total
» build order
00:15 Altar of Kings
00:22 Barracks
00:40 Farm
01:20 Farm
01:41 Lumber Mill
02:06 Farm
02:22 Arcane Vault
02:50 Farm
03:40 Farm
03:42 Farm
03:58 Blacksmith
04:31 Farm
04:54 Keep
04:54 Keep
04:55 Keep
06:27 Town Hall
08:30 Castle
08:30 Castle
08:31 Castle
08:35 Barracks
11:08 Workshop
11:53 Gryphon Aviary
16:49 Town Hall
18:22 Scout Tower
20:25 Great Hall
20:27 Watch Tower
23:53 War Mill
24:10 Great Hall
33:22 Great Hall
» items
| Potion of Healing | 6 | |
| Orb of Lightning | 1 | |
| Scroll of Town Portal | 1 | |
8 total
team 2 (loser)

»
Xanmato (
blue | 24 APM | 1001 actions | 42:09)
7 Demon Hunter
1 Immolation
3 Evasion
2 Mana Burn
1 Metamorphosis
» actions
| Basic commands | 99 | |
| Build / train | 84 | |
| Enter build submenu | 18 | |
| Enter hero's abilities submenu | 7 | |
| Give item / drop item | 3 | |
| Remove unit from queue | 1 | |
| Right click | 280 | |
| Select / deselect | 411 | |
| Use ability | 98 | |
1001 total
» units
| Wisp | 20 | |
| Archer | 21 | |
| Hippogryph | 11 | |
52 total
» upgrades
| Improved Bows | 1 | |
| Strength of the Moon | 3 | |
| Moon Armor | 3 | |
| Hippogryph Taming | 1 | |
| Strength of the Wild | 3 | |
| Reinforced Hides | 3 | |
| Ultravision | 1 | |
| Well Spring | 1 | |
16 total
» buildings
| Altar of Elders | 1 | |
| Moon Well | 8 | |
| Ancient of War | 2 | |
| Tree of Life | 2 | |
| Tree of Ages | 1 | |
| Ancient of Wonders | 1 | |
| Hunter's Hall | 1 | |
| Ancient of Wind | 2 | |
| Tree of Eternity | 1 | |
19 total
» build order
00:11 Altar of Elders
00:21 Moon Well
00:44 Ancient of War
01:35 Moon Well
03:01 Moon Well
04:05 Tree of Life
04:15 Tree of Ages
04:51 Ancient of Wonders
06:10 Ancient of War
06:16 Hunter's Hall
07:15 Ancient of Wind
07:19 Ancient of Wind
07:31 Moon Well
08:57 Moon Well
09:53 Moon Well
10:48 Moon Well
11:27 Moon Well
17:36 Tree of Eternity
22:55 Tree of Life
» items
| Circlet of Nobility | 2 | |
| Scroll of Town Portal | 2 | |
| Boots of Speed | 1 | |
5 total
Phurious (
green | 23 APM | 904 actions | 38:41)
6 Demon Hunter
3 Evasion
2 Immolation
1 Metamorphosis
» actions
| Basic commands | 14 | |
| Build / train | 74 | |
| Enter build submenu | 20 | |
| Enter hero's abilities submenu | 6 | |
| Right click | 399 | |
| Select / deselect | 326 | |
| Use ability | 65 | |
904 total
» units
| Wisp | 28 | |
| Archer | 5 | |
| Dryad | 13 | |
| Mountain Giant | 3 | |
| Druid of the Claw | 1 | |
50 total
» upgrades
| Strength of the Wild | 3 | |
| Reinforced Hides | 3 | |
| Abolish Magic | 1 | |
| Hardened Skin | 1 | |
| Resistant Skin | 1 | |
| Druid of the Claw Training | 2 | |
11 total
» buildings
| Altar of Elders | 1 | |
| Moon Well | 9 | |
| Ancient of War | 1 | |
| Tree of Ages | 1 | |
| Hunter's Hall | 1 | |
| Tree of Life | 3 | |
| Tree of Eternity | 1 | |
| Ancient of Lore | 3 | |
| Ancient of Wonders | 1 | |
21 total
» build order
00:11 Altar of Elders
00:21 Moon Well
00:35 Ancient of War
01:29 Moon Well
02:25 Moon Well
04:05 Moon Well
04:14 Tree of Ages
04:18 Hunter's Hall
05:15 Tree of Life
05:29 Moon Well
07:05 Tree of Eternity
07:10 Ancient of Lore
07:25 Ancient of Lore
10:30 Ancient of Wonders
12:51 Ancient of Lore
13:37 Moon Well
14:17 Moon Well
15:16 Moon Well
16:31 Moon Well
19:31 Tree of Life
19:38 Tree of Life
Mr.whoisnewb (
orange | 51 APM | 1981 actions | 38:50)
7 Death Knight
3 Death Coil
3 Unholy Aura
1 Animate Dead
5 Lich
3 Frost Nova
2 Frost Armor
» actions
| Assign group hotkey | 36 | |
| Basic commands | 155 | |
| Build / train | 61 | |
| ESC pressed | 2 | |
| Enter build submenu | 25 | |
| Enter hero's abilities submenu | 12 | |
| Give item / drop item | 1 | |
| Remove unit from queue | 2 | |
| Right click | 520 | |
| Select / deselect | 428 | |
| Select group hotkey | 644 | |
| Use ability | 95 | |
1981 total
» units
| Acolyte | 6 | |
| Ghoul | 5 | |
| Crypt Fiend | 12 | |
| Furbolg Shaman | 1 | |
| Obsidian Statue | 2 | |
| Frost Wyrm | 5 | |
31 total
» upgrades
| Creature Attack | 3 | |
| Creature Carapace | 2 | |
| Web | 1 | |
| Freezing Breath | 1 | |
7 total
» buildings
| Crypt | 1 | |
| Ziggurat | 7 | |
| Altar of Darkness | 1 | |
| Graveyard | 1 | |
| Nerubian Tower | 2 | |
| Tomb of Relics | 1 | |
| Halls of the Dead | 1 | |
| Spirit Tower | 1 | |
| Slaughterhouse | 1 | |
| Black Citadel | 1 | |
| Sacrificial Pit | 1 | |
| Boneyard | 1 | |
19 total
» build order
00:19 Crypt
00:23 Ziggurat
00:44 Altar of Darkness
01:07 Graveyard
01:14 Ziggurat
01:27 Nerubian Tower
02:20 Tomb of Relics
03:35 Halls of the Dead
04:48 Ziggurat
05:22 Ziggurat
05:56 Spirit Tower
06:08 Slaughterhouse
09:18 Black Citadel
10:09 Sacrificial Pit
11:00 Ziggurat
11:01 Ziggurat
11:42 Nerubian Tower
11:55 Boneyard
13:22 Ziggurat
» items
| Rod of Necromancy | 1 | |
| Scroll of Speed | 1 | |
| Scroll of Town Portal | 2 | |
4 total
ThroneOfBlood (
red | 47 APM | 2020 actions | 43:19)
8 Blademaster
3 Wind Walk
3 Critical Strike
1 Bladestorm
1 Mirror Image
» actions
| Assign group hotkey | 58 | |
| Basic commands | 161 | |
| Build / train | 69 | |
| Enter build submenu | 40 | |
| Enter hero's abilities submenu | 8 | |
| Give item / drop item | 4 | |
| Remove unit from queue | 1 | |
| Right click | 878 | |
| Select / deselect | 337 | |
| Select group hotkey | 326 | |
| Use ability | 138 | |
2020 total
» units
| Peon | 8 | |
| Grunt | 4 | |
| Goblin Shredder | 1 | |
| Goblin Zeppelin | 3 | |
| Wind Rider | 4 | |
| Goblin Sapper | 10 | |
| Green Dragon | 3 | |
33 total
» upgrades
| Ranged Weapons | 3 | |
| Armor | 3 | |
| Reinforced Defenses | 1 | |
| Envenomed Spears | 1 | |
8 total
» buildings
| Orc Burrow | 6 | |
| Altar of Storms | 1 | |
| Barracks | 1 | |
| Voodoo Lounge | 2 | |
| Stronghold | 4 | |
| Great Hall | 3 | |
| War Mill | 3 | |
| Beastiary | 4 | |
| Fortress | 1 | |
| Watch Tower | 35 | |
60 total
» build order
00:13 Orc Burrow
00:51 Altar of Storms
00:52 Barracks
01:05 Orc Burrow
01:45 Voodoo Lounge
01:48 Voodoo Lounge
02:50 Stronghold
02:50 Stronghold
02:50 Stronghold
04:39 Great Hall
04:53 War Mill
05:00 Orc Burrow
06:21 Beastiary
06:22 Beastiary
07:00 Orc Burrow
09:21 Fortress
09:24 War Mill
10:15 Beastiary
10:16 Beastiary
11:24 Watch Tower
11:26 Watch Tower
11:28 Watch Tower
11:30 Watch Tower
11:36 Watch Tower
16:37 Watch Tower
16:37 Watch Tower
16:38 Watch Tower
16:39 Watch Tower
16:41 Watch Tower
16:42 Watch Tower
16:44 Watch Tower
16:44 Watch Tower
16:46 Watch Tower
16:47 Watch Tower
16:48 Watch Tower
16:49 Watch Tower
16:50 Watch Tower
16:52 Watch Tower
17:10 Orc Burrow
17:42 Orc Burrow
23:58 Great Hall
24:01 Watch Tower
24:01 Watch Tower
24:01 Watch Tower
24:01 Watch Tower
24:03 Watch Tower
24:03 Watch Tower
24:03 Watch Tower
24:04 Watch Tower
36:00 Great Hall
36:03 Watch Tower
36:04 Watch Tower
36:04 Watch Tower
36:05 Watch Tower
36:07 Watch Tower
36:07 Watch Tower
36:07 Watch Tower
36:08 Watch Tower
39:47 War Mill
» items
| Healing Salve | 4 | |
| Potion of Healing | 1 | |
| Orb of Corruption | 1 | |
| Rod of Necromancy | 1 | |
| Scroll of Town Portal | 3 | |
| Periapt of Vitality | 1 | |
| Staff of Teleportation | 1 | |
| Potion of Lesser Invulnerability | 1 | |
13 total
Chat log
(04:36 / Allies) T0WERSareMyUNIT: yeah I'm not helping you creep fag
(04:40 / Allies) T0WERSareMyUNIT: get units, I'm not your servant
(05:03 / Allies) Honorz_Wolf: ty
(05:27 / Allies) agentknox666: first
(05:31 / Allies) Honorz_Wolf: kk
(06:13 / Allies) T0WERSareMyUNIT: xp leeching fag
(06:17 / Allies) Honorz_Wolf: chill
(06:19 / Allies) Honorz_Wolf: team game
(06:27 / Allies) T0WERSareMyUNIT: and he isn't being a team player
(06:33 / Allies) BladeMaster_1: who you are crazy person
(06:34 / Allies) agentknox666: teal take mine'
(06:36 / Allies) agentknox666: inside fast
(07:29 / Allies) Honorz_Wolf: ty
(08:00 / Allies) Honorz_Wolf: b
(08:03 / Allies) agentknox666: dont chase
(08:12 / Allies) agentknox666: come guys
(08:20 / Allies) Honorz_Wolf: b
(08:20 / Allies) Honorz_Wolf: b
(09:11 / Allies) agentknox666: hek
(09:13 / Allies) agentknox666: pink
(09:15 / Allies) agentknox666: anyone?
(09:21 / Allies) BladeMaster_1: taurens and shams
(09:28 / Allies) agentknox666: idc
(09:30 / Allies) T0WERSareMyUNIT: pink sucks he is no help to you
(09:37 / Allies) T0WERSareMyUNIT: he has a fucking level 1 blademaster
(10:42 / All) T0WERSareMyUNIT: 2 greater healing potions and an ankh so green tries to focus my hero
(10:42 / All) T0WERSareMyUNIT: lol
(12:19 / Allies) BladeMaster_1: hit and run the expo
(12:24 / Allies) Honorz_Wolf: y
(14:55 / All) Honorz_Wolf: trash team
(15:01 / All) T0WERSareMyUNIT: you're part of the trash
(15:04 / All) Honorz_Wolf: wtf yellow doing?
(15:10 / All) Honorz_Wolf: havent seen him do shit
(15:10 / All) Xanmato: you're just as bad rofl
(15:15 / All) T0WERSareMyUNIT: hahaha
(15:17 / All) T0WERSareMyUNIT: sure I am, sport
(15:27 / All) T0WERSareMyUNIT: Green is going mountain giant
(15:29 / All) Honorz_Wolf: for what kmfai
(15:29 / All) T0WERSareMyUNIT: the worst unit in the game
(15:31 / All) Honorz_Wolf: lmfao
(15:43 / All) Honorz_Wolf: at least her has units
(15:50 / All) Honorz_Wolf: he
(16:23 / All) T0WERSareMyUNIT: hero chase across the whole map lol
(16:52 / All) Xanmato: not stupid enough to lose my hippos to ur towers tho
(16:57 / All) T0WERSareMyUNIT: surprisingly
(17:03 / All) Xanmato: you fucking shitbag
(17:07 / All) T0WERSareMyUNIT: hahaha
(17:09 / All) T0WERSareMyUNIT: you lost
(17:12 / All) T0WERSareMyUNIT: get out and go kill yourself
(17:13 / All) Xanmato: you're so bad
(17:18 / All) Xanmato: gj helping your team
(17:28 / All) T0WERSareMyUNIT: don't need to
(18:35 / Allies) T0WERSareMyUNIT: wood me if you got any
(21:07 / All) Xanmato: kill a hippo rider
(21:09 / All) Xanmato: just one
(22:13 / All) T0WERSareMyUNIT: get
(22:13 / All) T0WERSareMyUNIT: the
(22:14 / All) T0WERSareMyUNIT: fuck
(22:15 / All) T0WERSareMyUNIT: out
(22:17 / All) T0WERSareMyUNIT: GET
(22:18 / All) T0WERSareMyUNIT: THE
(22:19 / All) T0WERSareMyUNIT: FUCK
(22:20 / All) T0WERSareMyUNIT: OUT
(22:21 / All) T0WERSareMyUNIT: AND EXIT
(22:25 / All) T0WERSareMyUNIT: THEN UNINSTALL
(22:53 / All) T0WERSareMyUNIT: not so tough are you now faggot blue?
(22:54 / All) T0WERSareMyUNIT: get lost
(23:06 / All) Xanmato: faggot red tking
(23:20 / All) T0WERSareMyUNIT: kill yourself
(23:26 / All) T0WERSareMyUNIT: uninstall and go choke on sharp objects
(23:41 / All) Xanmato: yea ill fuck your mother in her ass and then her mouth
(26:18 / All) T0WERSareMyUNIT: nice demon hunter
(26:21 / All) T0WERSareMyUNIT: that all you got now, scrub?
(27:25 / All) ThroneOfBlood: You're dealing with a professional
(27:26 / All) ThroneOfBlood: just leave
(28:19 / All) T0WERSareMyUNIT: not even a challenge
(28:25 / All) T0WERSareMyUNIT: haha detonate
(28:27 / All) T0WERSareMyUNIT: when they use that in a stab
(28:30 / All) T0WERSareMyUNIT: you know they're desperate
(28:54 / All) ThroneOfBlood: green's helping me kill him
(28:56 / All) ThroneOfBlood: very thoughtful
(29:12 / Allies) agentknox666: yellow gold?
(30:24 / All) ThroneOfBlood: I just love it when a plan comes together
(33:29 / All) ThroneOfBlood: jerk
(34:19 / All) ThroneOfBlood: Ras Frostwhisper shall die a second death
(36:10 / All) Phurious: more dragonhawks yellow
(36:14 / All) T0WERSareMyUNIT: haha
(36:19 / All) T0WERSareMyUNIT: you're too retarded to have figured it out
(36:20 / All) T0WERSareMyUNIT: how cute
(36:23 / All) T0WERSareMyUNIT: you're like a retarded child
(36:34 / All) ThroneOfBlood: I blocked his demon hunter with sheddar and he's mad about that I believe
(36:36 / All) Xanmato: are you an idiot?
(36:41 / All) T0WERSareMyUNIT: lol
(36:47 / All) ThroneOfBlood: for like 15 seconds he couldn't get past the sheddar in his path
(36:48 / All) T0WERSareMyUNIT: no but you're a clueless waste of oxygen
(36:54 / All) Mr.whoisnewb: reds expoing in the top left
(37:04 / All) ThroneOfBlood: DIE SPY
(37:06 / All) T0WERSareMyUNIT: orange is a fuckwit who hasn't figured it out too
(37:09 / All) Xanmato: too bad you're father didnt ejaculate you into a tissue
(37:22 / All) T0WERSareMyUNIT: too bad you don't go kill yourself right now and do the world a favour
(37:42 / All) Mr.whoisnewb: oh no he uses favour with a you
(37:50 / All) T0WERSareMyUNIT: speak english please
(37:51 / All) Xanmato: must be french canadian
(37:57 / All) T0WERSareMyUNIT: I don't understand shit-for-brains
(38:10 / All) Xanmato: you shove poutine up your ass?
(38:12 / All) ThroneOfBlood: I'm quite sure Knox has been in a standoff before
(38:19 / All) T0WERSareMyUNIT: Yeah we played him lots of times
(38:54 / All) ThroneOfBlood: lel
(38:56 / All) T0WERSareMyUNIT: so quick to give up
(39:01 / All) ThroneOfBlood: blue you can win
(39:05 / All) ThroneOfBlood: either through standoff
(39:11 / All) ThroneOfBlood: or paying us each 10 dollars
(39:19 / All) ThroneOfBlood: pay yellow and red 10 dollars and you can win
(40:24 / All) T0WERSareMyUNIT: Is blue talking in allied chat?
(42:14 / All) ThroneOfBlood: Dang
(42:36 / All) ThroneOfBlood: want to jjust give my team the loss?
(42:43 / All) T0WERSareMyUNIT: hmm
(42:49 / All) T0WERSareMyUNIT: I think your team deserves it more
(42:51 / All) T0WERSareMyUNIT: my team has knox
(42:55 / All) T0WERSareMyUNIT: and some clueless tards like pink
(43:04 / All) ThroneOfBlood: Knox is terrible
(43:05 / All) T0WERSareMyUNIT: yours were clueless tards but also dicks too
(43:08 / All) ThroneOfBlood: 2k games and that bad lawl
(43:10 / All) T0WERSareMyUNIT: Yeah I say your team gets loss
(43:15 / All) ThroneOfBlood: yeah I'll let my team lose